 Dungeon Crawl Stone Soup version 0.32-a0-711-g016ad743e0 (webtiles) character file.

Game seed: 50900670168658800

23 croobank the Ruffian (level 2, -3/23 HPs)
             Began as a Demigod Shapeshifter on Mar 15, 2024.
             Frozen to death by an endoplasm (5 damage)
             ... on level 1 of the Dungeon.
             The game lasted 00:01:56 (251 turns).

croobank the Ruffian (Demigod Shapeshifter)          Turns: 251, Time: 00:01:57

Health: -3/23      AC:  2    Str: 15    XL:     2   Next: 54%
Magic:  4/4        EV: 11    Int: 12    God:
Gold:   5          SH:  0    Dex: 13    Spells: 1/1 levels left

rFire   . .          .
                       - Unarmed
rCold   . . .        (no shield)
rNeg    . . .        a - +0 animal skin
rPois   .            (helmet currently unavailable)
rElec   .            (cloak currently unavailable)
rCorr   .            (gloves currently unavailable)
SInv    .            (boots currently unavailable)
Will    .....        (no amulet)
Stlth   +            (no ring)
HPRegen 0.23/turn    (no ring)
MPRegen 0.09/turn

%: no passive effects
@: beast-form
A: beast (slay +1), high MP 1, forlorn, divine attributes
a: Begin Untransformation


You were on level 1 of the Dungeon.
You were a hulking beast.
You visited 1 branch of the dungeon, and saw 2 of its levels.

You collected 5 gold pieces.

Inventory:

Armour
 a - a +0 animal skin (worn)
 e - a +0 leather armour
 f - a +0 pair of boots
Talismans
 c - a beast talisman (active)
 d - a flux talisman
Scrolls
 i - 2 scrolls of identify {unknown}
Potions
 b - a potion of lignification
 g - a potion of might {unknown}
 h - a potion of haste {unknown}


   Skills:
 + Level 1.3 Fighting
 + Level 2.1 Dodging
 + Level 3.0 Unarmed Combat
 + Level 2.9 Shapeshifting


You had one spell level left.
You didn't know any spells.
Your spell library contained the following spells:

 Spells                   Type           Power      Damage    Failure   Level
 Shock                    Conj/Air       0%         1d3       32%         1
 Mercury Vapours          Alch/Air       0%         N/A       45%         2
 Sticky Flame             Fire/Alch      0%         2d4       97%         4
 Summon Lightning Spire   Summ/Air       0%         N/A       97%         4


Dungeon Overview and Level Annotations

Branches:
Dungeon (2/15)


Innate Abilities, Weirdness & Mutations

You are a hulking beast.
Your limbs bulge with bestial killing power. (Slay +1)
You have an increased reservoir of magic. (+10% MP)
You shall have no god before yourself.
Your divine heritage dramatically boosts your attributes as you level up.


Message History

The stone hits you. The goblin barely misses you.
There is a stone staircase leading up here.
The goblin hits you with a +0 club.
You climb upwards.
The goblin shouts!
You hear an angry hiss. x2
Found a ring mail.
There is a stone staircase leading down here.
You hit the goblin but do no damage.
A bat comes into view. x2
The goblin hits you but does no damage.
You hit the goblin.
The goblin is heavily wounded.
The bat hits you. The goblin hits you with a +0 club.
You are too injured to fight recklessly!
You are too injured to fight recklessly!
You are too injured to fight recklessly!
You are too injured to fight recklessly!
You are too injured to fight recklessly!
The bat misses you. The bat hits you but does no damage. The bat misses you.
The bat completely misses you. The bat hits you.
An endoplasm comes into view.
The bat misses you. The bat hits you.
The endoplasm quivers.
The goblin attacks as it pursues you! The goblin closely misses you.
You hit the goblin.
The goblin is severely wounded.
The goblin hits you but does no damage.
You hit the endoplasm but do no damage. The endoplasm freezes you.
You are frozen.
* * * LOW HITPOINT WARNING * * *
You hit the endoplasm.
The endoplasm is moderately wounded.
The goblin hits you with a +0 club.
* * * LOW HITPOINT WARNING * * *
The endoplasm freezes you.
You are frozen.
You die...

#..# ### .
...# ..#
...#..####.#
.........#.#
#.>[..#
##..g.###
#....bb#
#....###g#
....#..# #h#
........#
#J#
######.##
#.# #.. ...
## #.# #.#
..# ###


You could see an endoplasm, a goblin and 2 bats.

Vanquished Creatures
  An adder (D:2)
  2 dart slugs
  3 endoplasms (D:1)
  A quokka (D:2)
  A ball python (D:1)
  A bat (D:1)
  A kobold (D:1)
  A rat (D:1)
11 creatures vanquished.

Notes
Turn   | Place    | Note
-------+----------+-------------------------------------------
     0 | D:1      | croobank the Demigod Shapeshifter began the quest for the
                  | Orb.
     0 | D:1      | Reached XP level 1. HP: 15/15 MP: 3/3
     1 | D:1      | Noticed a minotaur skeleton
    21 | D:1      | Noticed a minotaur skeleton
    49 | D:1      | Reached skill level 1 in Fighting
   175 | D:1      | You fall into a shaft and drop 1 floor!
   176 | D:2      | Got Rauz's Annotations on the Gaseous Coals
   198 | D:2      | Reached XP level 2. HP: 8/23 MP: 4/4
   207 | D:2      | Reached skill level 3 in Unarmed Combat
   251 | D:1      | Frozen to death by an endoplasm

Illustrated notes

Levels and vault maps discovered:
D:1:      shiori_arrival_whats_in_store_for_you, layout_basic,
          minmay_misc_feat_hallway, minmay_lizard_pond
D:2:      wad_pebble_path, layout_rooms, basic_altar, uniq_crazy_yiuf_cottage,
          uniq_sigmund

Skill      XL: |  1  2 |
---------------+-------+-----
Fighting       | 1 |  1.3
Dodging        | 2 |  2.1
Unarmed Combat | 3 |  3.0
Shapeshifting  | |  2.9

Action                     || total
---------------------------++-------
  Melee: Unarmed           ||    41
         Punch             ||     1
   Stab: Sleeping          ||     1
 Armour: Animal skin       ||    28
  Dodge: Dodged            ||    25

Table legend: (Time is in decaauts)
 A = Elapsed time spent in this place.
 B = Non-inter-level travel time spent in this place.
 C = Inter-level travel time spent in this place.
 D = Time resting spent in this place.
 E = Time spent auto-exploring this place.
 F = Levels seen in this place.
 G = Mean time per level.
                   A        B        C        D        E       F      G
               +--------+--------+--------+--------+--------+-----+--------+
         Total |    247 |    247 |      0 |     25 |     89 |   2 |  123.5 |
       Dungeon |    247 |    247 |      0 |     25 |     89 |   2 |  123.5 |
               +--------+--------+--------+--------+--------+-----+--------+

Top non-repeatable levels by time:
     D:1: 184 daAuts
     D:2: 63 daAuts
